 Dungeon Crawl Stone Soup version 0.31-a0-963-ga325b2283a (webtiles) character file.

Game seed: 9108236540689249550

2438 LadyBoffin the Cleaver (level 9, 0/77 (78) HPs)
             Began as a Hill Orc Fighter on Oct 25, 2023.
             Killed from afar by a steam dragon (20 damage)
             ... with a ball of steam
             ... on level 7 of the Dungeon.
             The game lasted 00:18:25 (7379 turns).

LadyBoffin the Cleaver (Hill Orc Fighter)           Turns: 7379, Time: 00:18:28

HP:   0/77 (78)     AC:  8    Str: 23    XL:     9   Next: 49%
MP:   9/9           EV: 10    Int:  8    God:
Gold: 278           SH:  5    Dex: 10    Spells: 8/8 levels left

rFire   . . .        a - +0 war axe
rCold   . . .        c - +0 buckler
rNeg    . . .        b - +0 scale mail
rPois   .            (no helmet)
rElec   .            (no cloak)
rCorr   .            (no gloves)
SInv    .            (no boots)
Will    .....        (no amulet) Stlth
                     (no ring)
HPRegen 0.32/turn    (no ring)
MPRegen 0.11/turn

%: no passive effects
@: lightly drained
A: no striking features
a: no special abilities


You were on level 7 of the Dungeon.
You visited 1 branch of the dungeon, and saw 7 of its levels.

You collected 278 gold pieces.

Inventory:

Hand Weapons
 a - a +0 war axe (weapon)
 e - a +0 sling of freezing
 j - a +3 falchion
Missiles
 p - a javelin
Armour
 b - a +0 scale mail (worn)
 c - a +0 buckler (worn)
Jewellery
 f - an amulet of magic regeneration
 h - an amulet of reflection
 n - a ring of ice
Wands
 i - a wand of mindburst (14)
Scrolls
 d - a scroll of identify
 k - 3 scrolls of teleportation
 m - a scroll of fog
 q - a scroll of blinking
Potions
 g - 4 potions of curing
 l - a potion of ambrosia
 o - a potion of resistance
 r - a potion of haste
 u - a potion of lignification {unknown}


   Skills:
 + Level 6.9 Fighting
 + Level 10.2 Axes
 - Level 1.1 Throwing
 + Level 8.0 Armour
 + Level 2.9 Dodging
 - Level 0.1 Stealth
 + Level 5.1 Shields
 + Level 0.1 Evocations


You had 8 spell levels left.
You didn't know any spells.
Your spell library was empty.

Dungeon Overview and Level Annotations

Branches:
Dungeon (6/15)
 Temple: D:4-7

Altars:
Okawaru
Vehumet
The Shining One


Message History

You see here a +2 halberd of freezing.
r - a potion of haste
Found a stone staircase leading down.
Found a stone staircase leading up.
A steam dragon comes into view.
The steam dragon hisses angrily.
The steam dragon breathes steam at you. The ball of steam hits you!!
The steam dragon moves out of view.
You're standing in a cloud of steam!
You're standing in a cloud of steam!
You are engulfed in a cloud of scalding steam.
Found a stone staircase leading down.
The steam dragon bites you. The steam dragon barely misses you.
You completely miss the steam dragon. The steam dragon bites you.
The steam dragon closely misses you.
You closely miss the steam dragon.
The steam dragon bites you but does no damage.
The steam dragon claws you but does no damage.
You barely miss the steam dragon. The steam dragon breathes steam at you.
The ball of steam hits you!
You closely miss the steam dragon.
You are engulfed in a cloud of scalding steam.
The steam dragon bites you but does no damage.
The steam dragon closely misses you.
You hit the steam dragon but do no damage.
You block the steam dragon's attack. x2
You hit the steam dragon.
The steam dragon is lightly wounded.
The steam dragon misses you. You block the steam dragon's attack.
You slash the steam dragon!
The steam dragon is moderately wounded.
The steam dragon bites you. The steam dragon barely misses you.
You barely miss the steam dragon.
The steam dragon is moderately wounded.
You are engulfed in a cloud of scalding steam.
* * * LOW HITPOINT WARNING * * *
The steam dragon breathes steam at you. The ball of steam hits you!!
You die...

###### #....# ###.##.#
###...##.# # #...####.#
## ##.####...####### .##
#..####..§......# ..#
##..>##.§..@D....# ..#
##.....#.#........>.
..###........#§.§.......
..##.........####.####..
..##........## .# .
..#..#.....## ..
....#.......# ...
...........<# .#.#
##..........#


You could see a steam dragon (catching breath).

Vanquished Creatures
  Prince Ribbit (D:5)
  Eustachio (D:5)
  2 water moccasins
  Duvessa (D:5)
  An ice beast (D:6)
  A sky beast (D:6)
  A black bear (D:5)
  An ogre (D:5)
  A centaur (D:5)
  A phantom (D:4)
  Blork the orc (D:6)
  A gnoll sergeant (D:5)
  A bullfrog (D:7)
  2 scorpions
  5 wights (D:6)
  Dowan (D:5)
  3 howler monkeys
  An orc priest (D:7)
  A gnoll bouda (D:5)
  2 hounds (D:5)
  A sleepcap (D:6)
  4 orc wizards
  An iguana (D:5)
  8 adders
  11 gnolls (D:5)
  2 shadow imps (D:6)
  A white imp (D:6)
  A worm (D:3)
  3 dart slugs
  16 orcs
  5 ball pythons
  3 endoplasms
  3 giant cockroaches
  5 goblins
  6 hobgoblins
  7 jackals (D:2)
  3 quokkas (D:2)
  A bat (D:1)
  3 frilled lizards
  6 kobolds
  6 rats
125 creatures vanquished.

Notes
Turn   | Place    | Note
-------+----------+-------------------------------------------
     0 | D:1      | LadyBoffin the Hill Orc Fighter began the quest for the
                  | Orb.
     0 | D:1      | Reached XP level 1. HP: 19/19 MP: 1/1
   198 | D:1      | Reached XP level 2. HP: 18/27 MP: 2/2
   612 | D:1      | Reached skill level 3 in Axes
  1047 | D:2      | Reached XP level 3. HP: 29/33 MP: 3/3
  2235 | D:3      | Reached XP level 4. HP: 40/40 MP: 4/4
  2252 | D:3      | Reached skill level 4 in Axes
  2971 | D:4      | Noticed a phantom
  2978 | D:4      | Killed a phantom
  2979 | D:4      | Reached skill level 5 in Axes
  2979 | D:4      | Reached XP level 5. HP: 34/47 MP: 5/5
  3138 | D:4      | Reached XP level 6. HP: 53/53 MP: 6/6
  3327 | D:4      | Found an iron altar of Okawaru.
  3378 | D:4      | Found a glowing golden altar of the Shining One.
  3505 | D:4      | Found a radiant altar of Vehumet.
  3508 | D:4      | Reached skill level 1 in Dodging
  3521 | D:4      | Noticed a water moccasin
  3538 | D:4      | Killed a water moccasin
  3539 | D:4      | Reached skill level 6 in Axes
  3997 | D:5      | Entered Level 5 of the Dungeon
  4037 | D:5      | Reached skill level 5 in Armour
  4155 | D:5      | Reached XP level 7. HP: 57/60 MP: 7/7
  4261 | D:5      | Noticed Duvessa
  4261 | D:5      | Noticed Dowan
  4441 | D:5      | Reached skill level 5 in Fighting
  4584 | D:5      | Noticed Eustachio
  4670 | D:5      | Killed Eustachio
  4671 | D:5      | Reached skill level 7 in Axes
  4896 | D:5      | Killed Duvessa
  4897 | D:5      | Reached XP level 8. HP: 64/69 MP: 8/8
  4906 | D:5      | Killed Dowan
  5212 | D:5      | Noticed Prince Ribbit
  5256 | D:5      | Killed Prince Ribbit
  5257 | D:5      | Reached skill level 8 in Axes
  5257 | D:5      | Reached skill level 1 in Throwing
  6063 | D:5      | Reached XP level 9. HP: 62/75 MP: 9/9
  6259 | D:6      | Reached skill level 9 in Axes
  6715 | D:6      | Noticed Blork the orc
  6727 | D:6      | Killed Blork the orc
  6883 | D:6      | Reached skill level 5 in Shields
  6968 | D:6      | Reached skill level 10 in Axes
  7195 | D:6      | You fall into a shaft and drop 1 floor!
  7379 | D:7      | Killed from afar by a steam dragon

Illustrated notes

Levels and vault maps discovered:
D:1:      beargit_arrival_greenhouse, layout_basic
D:2:      layout_loops_corners, serial_co_window_serial,
          co_window_of_opportunity_a, co_window_corner_a, co_window_paths_a,
          co_window_paths_b, co_window_of_opportunity_a, co_window_corner_a,
          co_window_paths_a, co_window_paths_b, co_window_corner_a,
          co_window_2corner, co_window_paths_c, co_window_corner_ca,
          co_window_of_opportunity_c, co_window_broadway_a, glass_columns_a,
          glass_columns_a, glass_columns_a, glass_columns_c, glass_columns_b
D:3:      layout_basic
D:4:      layout_gridville, mainiacjoe_overflow_catwalk,
          nicolae_vehumet_altar_sigil, okawaru_metal_pillars_1_2,
          kennysheep_doodads
D:5:      layout_loops_corners, dk_noncrumbling_4,
          chequers_serial_rivers_micro_b, hex_large,
          pf_guarded_unrand_woodcutter, uniq_prince_ribbit1, uniq_duvessa,
          uniq_eustachio
D:6:      cheibrodos_iron_armory, layout_basic, nicolae_uskayaw_dance_hall,
          uniq_blork_the_orc
D:7:      layout_rooms, minmay_temple_entry_overgrown, serial_shops,
          nicolae_diamond_shop, uniq_jeremiah

Skill      XL: |  1  2  3  4  5  6  7  8  9 |
---------------+----------------------------+-----
Axes           | 3 5 6 7 8 10 | 10.2
Fighting       | 4 5 6 |  6.9
Armour         | 4 5 6 7 8 |  8.0
Dodging        | 1 2 |  2.9
Shields        | 4 5 |  5.1
Throwing       | 1 |  1.1
Stealth        | |  0.1
Evocations     | |  0.1

Action                     |  1- 3 |  4- 6 |  7- 9 || total
---------------------------+-------+-------+-------++-------
  Melee: War axe           |   120 |   127 |   247 ||   494
  Throw: Javelin           |       |       |     9 ||     9
         Throwing net      |       |       |     2 ||     2
  Evoke: Wand              |       |       |     3 ||     3
    Use: Scroll            |       |     4 |     8 ||    12
         Potion            |       |       |     5 ||     5
 Armour: Scale mail        |    91 |    86 |   209 ||   386
  Dodge: Dodged            |    57 |    53 |   107 ||   217
  Block: Buckler           |    29 |    35 |    51 ||   115

Table legend: (Time is in decaauts)
 A = Elapsed time spent in this place.
 B = Non-inter-level travel time spent in this place.
 C = Inter-level travel time spent in this place.
 D = Time resting spent in this place.
 E = Time spent auto-exploring this place.
 F = Levels seen in this place.
 G = Mean time per level.
                   A        B        C        D        E       F      G
               +--------+--------+--------+--------+--------+-----+--------+
         Total |   7472 |   7267 |    205 |   1481 |   4503 |   7 | 1067.4 |
       Dungeon |   7472 |   7267 |    205 |   1481 |   4503 |   7 | 1067.4 |
               +--------+--------+--------+--------+--------+-----+--------+

Top non-repeatable levels by time:
     D:5: 2267 daAuts
     D:2: 1351 daAuts
     D:4: 1100 daAuts
     D:6: 949 daAuts
     D:3: 866 daAuts
     D:1: 752 daAuts
     D:7: 184 daAuts
